 Dungeon Crawl Stone Soup version 0.30.0-10-gfe55d96785 (webtiles) character file.

Game seed: 14951220516181515787

59 cheesebisquit the Chiller (level 3, -1/28 HPs)
             Began as a Draconian Ice Elementalist on May 14, 2023.
             Slain by a gnoll
             ... wielding a +0 flail
              (9 damage)
             ... on level 2 of the Dungeon.
             The game lasted 00:04:26 (1570 turns).

cheesebisquit the Chiller (DrIE)                    Turns: 1570, Time: 00:04:27

Health: -1/28      AC:  6    Str: 15 (16) XL:     3   Next: 78%
Magic:  6/6        EV: 12    Int: 14 (17) God:
Gold:   72         SH:  0    Dex:  9 (11) Spells: 5/6 levels left

rFire   + . .        (no weapon)
rCold   . . .        (no shield)
rNeg    . . .        (body armour unavailable)
rPois   .            (helmet restricted)
rElec   .            (no cloak)
rCorr   .            g - +0 pair of gloves
SInv    .            (no boots)
Will    .....        (no amulet)
Stlth   ++           b - +6 ring of strength
HPRegen 0.24/turn    p - ring of protection from fire
MPRegen 0.10/turn

%: no passive effects
@: mighty
A: AC +5, unfitting armour, cold-blooded
a: no special abilities


You were on level 2 of the Dungeon.
You visited 1 branch of the dungeon, and saw 2 of its levels.

You collected 72 gold pieces.

Inventory:

Armour
 g - a +0 pair of gloves (worn)
Jewellery
 b - a +6 ring of strength (left hand)
 p - a ring of protection from fire (right hand)
Scrolls
 c - 2 scrolls of teleportation {unknown}
 e - a scroll of enchant weapon {unknown}
 h - 2 scrolls of brand weapon {unknown}
 i - a scroll of fear {unknown}
 j - a scroll of poison {unknown}
 l - a scroll of fog {unknown}
 m - a scroll of blinking {unknown}
 o - a scroll of torment {unknown}
Potions
 n - a potion of cancellation {unknown}


   Skills:
 + Level 1.4 Fighting
 + Level 2.3 Dodging
 + Level 2.3 Stealth
 + Level 2.4 Spellcasting
 + Level 4.3 Ice Magic


You had 5 spell levels left.
You knew the following spells:

 Your Spells              Type           Power      Damage    Failure   Level
a - Freeze                Ice            52%        1d6       3%          1

Your spell library contained the following spells:

 Spells                   Type           Power      Damage    Failure   Level
 Frozen Ramparts          Ice            26%        1d4       12%         3
 Ozocubu's Armour         Ice            13%        N/A       12%         3
 Summon Ice Beast         Ice/Summ       7%         N/A       67%         4


Dungeon Overview and Level Annotations

Branches:
Dungeon (2/15)

Altars:


Innate Abilities, Weirdness & Mutations

Your plain brown scales are hard. (AC +5)
You cannot fit into any form of body armour.
You are cold-blooded and may be slowed by cold attacks.


Message History

You freeze the gnoll.
The gnoll is heavily wounded.
The gnoll closely misses you.
You freeze the gnoll.
The gnoll is almost dead.
The gnoll hits you with a +0 whip. The gnoll barely misses you.
You freeze the gnoll!
You kill the gnoll!
The gnoll hits you but does no damage. The gnoll barely misses you.
You are out of magic!
You are out of magic!
You hit the gnoll but do no damage. The gnoll hits you with a +0 whip.
The gnoll closely misses you.
You hit the gnoll. You tail-slap the gnoll.
The gnoll is lightly wounded.
The gnoll hits you with a +0 whip. The gnoll closely misses you.
Magic courses through your body. The gnoll hits you with a +0 whip.
The gnoll hits you with a +0 flail!
* * * LOW HITPOINT WARNING * * *
Aiming: Freeze (safe; 3% risk of failure)
Press: ? - help, Q - select action Shift-Dir - straight line, f - gnoll
Aim: a gnoll, wielding a +0 flail
Okay, then.
Okay, then.
Okay, then.
It was a potion of curing.
You feel better. The gnoll hits you with a +0 whip.
* * * LOW HITPOINT WARNING * * *
The gnoll hits you with a +0 flail.
* * * LOW HITPOINT WARNING * * *
You feel better. The gnoll barely misses you.
The gnoll hits you with a +0 flail.
* * * LOW HITPOINT WARNING * * *
It was a potion of might.
You feel very mighty all of a sudden. The gnoll barely misses you.
The gnoll closely misses you.
It was a potion of degeneration.
There was something very wrong with that liquid.
You feel weakened.
You feel dopey.
You feel clumsy. The gnoll barely misses you.
The gnoll hits you with a +0 flail!
You die...

# # #### ######### #[..
##.......#######.## #
...#####.#...##...#.##.#
#..##......#.#..)g......
#..##.##.#†.....@g..##
......##.##..........#
#........##...........$#
#.##########.........###
..# ##.......## . ###
##.....## .. ## ..#
##.....# ... . #.#
##..#..# ....### #.#
#..... .......


You could see 2 gnolls.

Vanquished Creatures
  A gnoll (D:2)
  An adder (D:2)
  2 dart slugs
  7 ball pythons
  4 endoplasms
  A giant cockroach (D:1)
  2 goblins
  3 hobgoblins
  2 jackals (D:2)
  3 quokkas
  2 bats
  A frilled lizard (D:1)
  5 rats
34 creatures vanquished.

Notes
Turn   | Place    | Note
-------+----------+-------------------------------------------
     0 | D:1      | cheesebisquit the Draconian Ice Elementalist began the
                  | quest for the Orb.
     0 | D:1      | Reached XP level 1. HP: 14/14 MP: 3/3
   228 | D:1      | Reached XP level 2. HP: 17/22 MP: 3/5
   688 | D:1      | Reached skill level 1 in Fighting
  1175 | D:2      | Reached XP level 3. HP: 28/28 MP: 4/6
  1416 | D:2      | Found a faded altar of an unknown god.
  1566 | D:2      | HP: 1/28 [gnoll/+0 flail (8)]
  1570 | D:2      | Slain by a gnoll

Illustrated notes

Levels and vault maps discovered:
D:1:      dpeg_arrival_shelter, layout_basic, minmay_misc_feat_tiny
D:2:      layout_loops_cross, shapermc_ecumenical_altar_venn, minivault_4,
          skrybe_limestone_x

Skill      XL: |  1  2 |
---------------+-------+-----
Stealth        | 2 |  2.3
Dodging        | 2 |  2.3
Fighting       | 1 |  1.4
Spellcasting   | |  2.4
Ice Magic      | |  4.3

Action                     || total
---------------------------++-------
  Melee: Unarmed           ||    21
         Tailslap          ||     4
   Cast: Freeze            ||    59
    Use: Potion            ||     5
 Armour: Skin              ||    29
  Dodge: Dodged            ||    41
